 Dungeon Crawl Stone Soup version 0.19-a0-1254-gb9c29c0 (webtiles) character file.

388 junb69 the Slasher (level 6, -1/34 HPs)
             Began as a Vine Stalker Gladiator on Aug 27, 2016.
             Slain by a wyvern (8 damage)
             ... on level 5 of the Dungeon.
             The game lasted 00:07:24 (2999 turns).

junb69 the Slasher (Vine Stalker Gladiator)         Turns: 2999, Time: 00:07:24

Health: -1/34      AC:  9    Str: 19    XL:     6   Next: 79%
Magic:  0/16       EV: 12    Int: 10    God:
Gold:   128        SH:  0    Dex: 15    Spells: 0 memorised, 5 levels left

rFire  . . .     SeeInvis .     a - +0 long sword
rCold  . . .     Gourm    .     l - +0 ring mail
rNeg   . . .     Faith    .     (no shield)
rPois  .         Spirit   +     c - +1 helmet
rElec  .         Dismiss  .     h - +0 cloak
rCorr  .         Reflect  .     v - +0 pair of gloves
MR     .....     Harm     .     (no boots)
Stlth  +.........               s - amulet of magic regeneration
                                u - ring of magical power
                                (no ring)

@: no status effects
A: fangs 2, clever 1, regeneration 1, magic shield, antimagic bite, no device
heal 3, rot immunity
a: no special abilities


You were on level 5 of the Dungeon.
You were not hungry.

You visited 1 branch of the dungeon, and saw 5 of its levels.

You collected 128 gold pieces.

Inventory:

Hand Weapons
 a - a +0 long sword (weapon)
Missiles
 d - 2 throwing nets (quivered)
Armour
 c - a +1 helmet (worn)
 h - a +0 cloak (worn)
 l - a +0 ring mail (worn)
 v - a +0 pair of gloves (worn)
Jewellery
 s - an amulet of magic regeneration (around neck)
 u - a ring of magical power (right hand)
Scrolls
 o - 3 scrolls of identify
 p - 2 scrolls of teleportation
 q - a scroll of remove curse
 w - a scroll of blinking {unknown}
Potions
 e - a potion of lignification
 j - a potion of haste
 m - a potion of might {unknown}
 t - a potion of agility
Comestibles
 b - a beef jerky
 f - 6 bread rations
 g - 7 chunks of flesh
 i - 3 meat rations
 n - a slice of pizza


   Skills:
 * Level 4.6 Fighting
 * Level 5.1 Long Blades
 - Level 1.7 Throwing
 - Level 2.4 Dodging


You had 5 spell levels left.
You didn't know any spells.

Dungeon Overview and Level Annotations

Branches:
Dungeon (5/15)
 Temple: D:4-7

Altars:
Sif Muna
Uskayaw


Innate Abilities, Weirdness & Mutations

You have extremely sharp teeth.
Your natural rate of healing is unusually fast.
When hurt, damage is shared between your health and your magic reserves.
Your bite disrupts and absorbs the magic of your enemies.
Potions and wands cannot restore your health.
You are immune to rotting.
Your mind is acute. (Int +2)


Message History

You hit the wyvern.
The wyvern is heavily wounded.
The wyvern struggles against the net.
The net rips apart, and the wyvern comes free!
The wyvern bites you.
You hit the wyvern but do no damage. You bite the wyvern, but do no damage.
The wyvern is heavily wounded.
The wyvern bites you but does no damage.
You hit the wyvern.
The wyvern is severely wounded.
The wyvern bites you! x2
You hit the wyvern.
The wyvern is severely wounded.
The wyvern bites you!
* * * LOW HITPOINT WARNING * * *
The wyvern bites you but does no damage.
You barely miss the wyvern. You bite the wyvern, but do no damage.
The wyvern is severely wounded.
The wyvern bites you!
You die...

#.#....## #.........
#######........[.
.........>.......
########..........
.......#.#.#######
#######...#.#
............#
########.##@# #..#l#
##.#.# ####...#####
#...(......#
######..........#
#..........[.....#
#................#
#.......####..#....#


You could see a wyvern.

Vanquished Creatures
  A centaur (D:4)
  A scorpion (D:4)
  An iguana (D:5)
  2 worker ants (D:4)
  8 adders
  An ooze (D:3)
  2 adder skeletons
  A worm (D:2)
  2 dart slugs
  2 giant geckos (D:4)
  6 orcs
  A ball python (D:4)
  8 bats
  4 giant cockroaches (D:1)
  8 goblins
  6 hobgoblins
  11 jackals
  9 kobolds
  4 quokkas
  5 giant newts
  8 rats
91 creatures vanquished.

Vanquished Creatures (others)
  3 jackals (D:1)
3 creatures vanquished.

Grand Total: 94 creatures vanquished

Notes
Turn   | Place    | Note
-------+----------+-------------------------------------------
     0 | D:1      | junb69 the Vine Stalker Gladiator began the quest for the Orb.
     0 | D:1      | Reached XP level 1. HP: 11/11 MP: 2/2
   175 | D:1      | Reached XP level 2. HP: 15/15 MP: 3/3
   303 | D:1      | Reached skill level 3 in Long Blades
   497 | D:1      | Reached XP level 3. HP: 18/19 MP: 4/4
  1240 | D:2      | Gained mutation: Your natural rate of healing is unusually fast. [Vine Stalker growth]
  1240 | D:2      | Reached XP level 4. HP: 24/24 MP: 5/5
  1775 | D:3      | Found a faded altar of an unknown god.
  1837 | D:3      | Reached skill level 4 in Long Blades
  1837 | D:3      | Reached XP level 5. HP: 28/28 MP: 6/6
  1990 | D:3      | Found a runed door.
  1995 | D:3      | Noticed Crazy Yiuf
  2432 | D:4      | Noticed a hand axe
  2433 | D:4      | Found a hide-covered altar of Uskayaw.
  2434 | D:4      | Noticed a dagger
  2524 | D:4      | Reached XP level 6. HP: 13/33 MP: 7/7
  2533 | D:4      | Gained mutation: Your mind is acute. (Int +2) [potion of beneficial mutation]
  2533 | D:4      | HP: 2/49 [poisoned by a worker ant]
  2670 | D:4      | Reached skill level 5 in Long Blades
  2866 | D:4      | Found a deep blue altar of Sif Muna.
  2932 | D:5      | Entered Level 5 of the Dungeon
  2984 | D:5      | Noticed a wyvern
  2999 | D:5      | Slain by a wyvern

Vault maps used:
D:1:      shiori_arrival_elements
D:3:      first_bread, ecumenical_altar_2, uniq_crazy_yiuf_cottage
D:4:      led_sif_pool, dancing_weapons_uskayaw
D:5:      grunt_gozag_breadcrumbs

Skill      XL: |  1  2  3  4  5  6 |
---------------+-------------------+-----
Fighting       | 2 3 4 |  4.6
Long Blades    | 3 4 5 |  5.1
Throwing       | |  1.7
Dodging        | |  2.4

Action                   |  1- 3 |  4- 6 || total
-------------------------+-------+-------++-------
Melee: Long sword        |   108 |   200 ||   308
       Bite              |    27 |    51 ||    78
Throw: Throwing net      |       |     4 ||     4
  Use: Scroll            |       |    10 ||    10
       Potion            |       |     5 ||     5
 Stab: Sleeping          |       |     1 ||     1
       Invisible         |       |     1 ||     1
  Eat: Chunk             |     1 |     6 ||     7
Armor: Leather armour    |    24 |    15 ||    39
       Ring mail         |       |    55 ||    55
       Skin              |       |     6 ||     6
Dodge: Dodged            |    58 |   111 ||   169
